 Dungeon Crawl Stone Soup version 0.28.0-1-gb440e238dd (webtiles) character file.

Game seed: 2316431240173738840

25989 hilljack the Thaumaturge (level 13, -4/72 HPs)
             Began as a Gargoyle Ice Elementalist on Feb 18, 2022.
             Was an Elder of Vehumet.
             Killed from afar by a rime drake (9 damage)
             ... with a flash freeze
             ... on level 5 of the Lair of Beasts on Feb 21, 2022.
             The game lasted 01:02:39 (18524 turns).

hilljack the Thaumaturge (GrIE)                    Turns: 18524, Time: 01:02:40

Health: -4/72      AC: 26    Str: 13    XL:     13   Next: 23%
Magic:  28/29      EV: 16    Int: 20    God:    Vehumet [****..]
Gold:   585        SH:  0    Dex:  6    Spells: 18/36 levels left

rFire   . . .      SeeInvis .   A - +2 war axe (flame)
rCold   + . .      Faith    .   (no shield)
rNeg    + . .      Spirit   .   c - +3 leather armour {rC+}
rPois   ∞          Reflect  .   p - +2 hat
rElec   +          Harm     .   w - +0 cloak
rCorr   .          Rampage  .   l - +1 pair of gloves
Will    +....                   r - +1 pair of boots
Stlth   +.........              (no amulet)
HPRegen 0.22/turn               e - ring of willpower
MPRegen 0.21/turn               N - +4 ring of evasion

@: no status effects
A: sickness immunity, AC +9, negative energy resistance 1, electricity
resistance, torment resistance 1, petrification resistance, iridescent scales 1,
clumsy 2
a: Renounce Religion


You were on level 5 of the Lair of Beasts.
You worshipped Vehumet.
Vehumet was greatly pleased with you.
You visited 4 branches of the dungeon, and saw 16 of its levels.
You also visited: Ossuary and Bailey.

You collected 697 gold pieces.
You spent 112 gold pieces at shops.

Inventory:

Hand Weapons
 a - a +0 vorpal hunting sling
 b - a +4 vorpal mace
 j - a +0 dagger of speed
 k - a +0 broad axe
 u - a +0 whip of venom
 A - a +2 war axe of flaming (weapon)
Missiles
 g - 300 stones
 h - 82 sling bullets
 y - 4 throwing nets
Armour
 c - a +3 leather armour of cold resistance (worn)
 d - a +0 helmet
 l - a +1 pair of gloves (worn)
 n - a +2 robe of resistance
 p - a +2 hat (worn)
 r - a +1 pair of boots (worn)
 v - the +0 ring mail of Indecent Exposure {Fly}
   (You took it off a gnoll on level 5 of the Dungeon)

   Fly:       It grants you flight.
 w - a +0 cloak (worn)
 E - an orb of guile
Magical Staves
 t - a staff of fire
Jewellery
 e - a ring of willpower (left hand)
 G - a ring of flight
 I - a ring of protection from fire
 K - a ring of fire
 N - a +4 ring of evasion (right hand)
Wands
 f - a wand of charming (7)
 i - a wand of mindburst (8)
 q - a wand of polymorph (10)
 O - a wand of acid (6)
Scrolls
 m - 8 scrolls of teleportation
 s - a scroll of immolation
 x - a scroll of blinking
 z - 2 scrolls of fear
 P - a scroll of summoning
 Q - a scroll of holy word
Potions
 o - a potion of brilliance
 B - a potion of attraction
 C - 2 potions of resistance
 D - 2 potions of mutation
 F - 3 potions of haste
 H - a potion of berserk rage
 J - a potion of invisibility
 L - 2 potions of lignification
 M - a potion of might


   Skills:
 - Level 5.0 Fighting
 - Level 8.0 Armour
 - Level 5.1 Dodging
 - Level 2.2 Stealth
 + Level 12.1 Spellcasting
 + Level 7.3 Conjurations
 + Level 10.4 Fire Magic
 - Level 9.0 Ice Magic


You had 18 spell levels left.
You knew the following spells:

 Your Spells              Type           Power      Damage    Failure   Level
a - Scorch                Fire           100%       2d10      1%          2
b - Frozen Ramparts       Ice            96%        1d11      1%          3
c - Ozocubu's Armour      Ice            48%        N/A       1%          3
d - Flame Wave            Conj/Fire      47%        2d10      1%          4
e - Foxfire               Conj/Fire      100%       2x1d9     1%          1
f - Freeze                Ice            100%       1d11      1%          1
g - Summon Ice Beast      Ice/Summ       30%        N/A       11%         4

Your spell library contained the following spells:

 Spells                   Type           Power      Damage    Failure   Level
 Fulminant Prism          Conj/Hex       13%        3d9       4%          4
 Magic Dart               Conj           100%       1d8       1%          1
 Hailstorm                Conj/Ice       44%        3d10      1%          4
 Mephitic Cloud           Conj/Pois/Air  21%        N/A       2%          3
 Call Imp                 Summ           12%        N/A       11%         2
 Summon Mana Viper        Hex/Summ       12%        N/A       88%         5
 Summon Cactus Giant      Summ           6%         N/A       100%        6
 Monstrous Menagerie      Summ           6%         N/A       100%        7


Dungeon Overview and Level Annotations

Branches:
Dungeon (9/15)             Temple (1/1) D:6            Lair (6/6) D:8
    Orc (1/2) D:9         Ossuary (visited)          Bailey (visited)
  Swamp: Lair:2-4    Shoals: Lair:2-4     Snake: Lair:2-4    Spider: Lair:2-4
  Slime: Lair:5-6

Altars:
Ashenzari
Cheibriados
Dithmenos
Elyvilon
Fedhas
Gozag
Hepliaklqana
Kikubaaqudgha
Makhleb
Nemelex Xobeh
Okawaru
Qazlal
Ru
Trog
Uskayaw
Vehumet
Wu Jian
Xom
Yredelemnul
Zin
The Shining One
Beogh
Jiyva

Shops:
D:3 *   D:8 *

Annotations:
Orc:1 Josephine


Innate Abilities, Weirdness & Mutations

You are immune to sickness and miasma.
Your stone body is resilient. (AC +9)
You are immune to poison.
You resist negative energy. (rN+)
You are resistant to electric shocks. (rElec)
You are resistant to unholy torment.
You are immune to petrification.
You are partially covered in iridescent scales. (AC +2)
You are very clumsy. (Dex -4)


Message History

The blink frog is severely wounded.
The cane toad stings you!
* * * LOW HITPOINT WARNING * * *
The yak barely misses you. The cane toad misses you.
Casting: Flame Wave (mildly dangerous; 1% risk of failure)
Confirm with . or Enter, or press ? or * to list all spells.
Casting: Frozen Ramparts (safe; 1% risk of failure)
Press: ? - help, Dir - look around, f - activate The walls around you are covered in ice.
The wall freezes the cane toad!
The cane toad stings you!
* * * LOW HITPOINT WARNING * * *
The wall freezes the cane toad!
The cane toad seems to slow down.
The cane toad closely misses you.
The blink frog blinks!
The wall freezes the yak!
You kill the yak!
Vehumet accepts your kill.
You feel your power returning.
You closely miss the cane toad.
The cane toad is moderately wounded.
You hit the cane toad. You burn the cane toad.
The wall freezes the cane toad.
The cane toad completely misses you.
The wall freezes the yak!
You kill the yak!
Vehumet accepts your kill.
You feel your power returning.
The wall freezes the cane toad!
The cane toad barely misses you.
The wall freezes the cane toad.
You kill the cane toad!
Vehumet accepts your kill.
You feel your power returning.
Okay, then.
Blink to where?
Press: ? - help, Dir - move target Your icy armour and frozen ramparts will break if you move.
Continue?
Your icy armour cracks and falls away as you move.
The frozen ramparts melt away as you move.
A rime drake comes into view.
As you read the scroll of blinking, it crumbles to dust.
The rime drake hisses angrily.
The rime drake breathes ice at you. The flash freeze hits you!
You partially resist.
You die...

..............
................
.................
..... ...........
...F##.......... .
#.#...........P ...
....†..........
..#..###†F.@.......
.......§†..........
.......#†..........
...........^.......
.......k...........
...................
.............P#....
P.........#..##....
P..........P.. ..


You could see a cane toad, a blink frog and a rime drake (catching breath).

Vanquished Creatures
  Gastronok (D:8)
  2 vault guards (Bailey)
  3 hydras
  Harold (D:8)
  A tengu warrior (D:9)
  6 death yaks
  Pikel (D:5)
  A black mamba (Lair:2)
  Maurice (D:9)
  Psyche (D:9)
  4 cane toads
  2 komodo dragons
  A tengu conjurer (D:9)
  A hornet (D:8)
  A polar bear (Lair:5)
  Prince Ribbit (Bailey)
  5 blink frogs (Lair:6)
  4 wyverns
  2 wraiths (D:9)
  24 yaks
  Eustachio (D:4)
  5 humans (Bailey)
  2 basilisks
  A steam dragon (D:9)
  8 water moccasins
  2 sky beasts (D:5)
  5 orc warriors
  3 ice beasts
  4 black bears
  3 necrophages
  3 ogres
  6 wolves (Lair:1)
  A centaur (D:8)
  A phantom (D:5)
  4 lemures
  An elf zombie (Ossuary)
  16 bullfrogs
  2 scorpions
  A water moccasin zombie (D:5)
  A wyvern skeleton (D:5)
  9 killer bees (D:9)
  4 wights (D:9)
  6 centaur zombies
  2 human zombies (Ossuary)
  2 gnoll shamans
  5 orc priests
  4 bullfrog skeletons (D:6)
  6 hounds
  Jessica (D:3)
  A centaur skeleton (D:6)
  Terence (D:2)
  Natasha (thrice) (D:2)
  An iguana (D:8)
  8 orc wizards
  A hound zombie (D:5)
  2 mummies (Ossuary)
  10 gnolls
  6 adders
  3 white imps
  An adder zombie (Ossuary)
  A worm (D:3)
  2 dart slugs
  39 orcs
  4 endoplasms
  2 giant cockroaches
  9 goblins
  9 hobgoblins
  4 jackals
  4 kobolds
  3 quokkas
  5 ball pythons
  6 bats
  6 frilled lizards
  A goblin zombie (D:7)
  8 hobgoblin zombies (Ossuary)
  3 jackal zombies (Ossuary)
  9 kobold zombies (Ossuary)
  10 orc zombies (Ossuary)
  A quokka zombie (D:7)
  3 rats
338 creatures vanquished.

Vanquished Creatures (others)
  12 foxfires
  15 fungi
  26 plants
53 creatures vanquished.

Grand Total: 391 creatures vanquished

Notes
Turn   | Place    | Note
-------+----------+-------------------------------------------
     0 | D:1      | hilljack the Gargoyle Ice Elementalist began the quest for
                  | the Orb.
     0 | D:1      | Reached XP level 1. HP: 10/10 MP: 3/3
   396 | D:1      | Reached XP level 2. HP: 15/15 MP: 5/5
   781 | D:1      | You fall into a shaft and drop 1 floor!
  1095 | D:2      | Noticed Terence
  1248 | D:2      | Found a faded altar of an unknown god.
  1300 | D:2      | Reached XP level 3. HP: 19/19 MP: 6/6
  1449 | D:2      | Killed Terence
  1518 | D:2      | Learned a level 3 spell: Frozen Ramparts
  1522 | D:2      | Learned a level 3 spell: Ozocubu's Armour
  1785 | D:2      | Noticed Natasha
  1792 | D:2      | Killed Natasha
  1793 | D:2      | Reached XP level 4. HP: 24/24 MP: 4/8
  1957 | D:2      | Noticed Natasha
  1966 | D:2      | Killed Natasha
  1967 | D:2      | Reached skill level 3 in Spellcasting
  2096 | D:2      | Noticed Natasha
  2103 | D:2      | Killed Natasha
  2104 | D:2      | Reached XP level 5. HP: 26/28 MP: 5/9
  2957 | D:3      | Noticed Jessica
  2963 | D:3      | Killed Jessica
  2964 | D:3      | Reached skill level 5 in Ice Magic
  3363 | D:3      | Reached XP level 6. HP: 17/32 MP: 11/11
  3669 | D:3      | Found Qutsolim's General Store.
  3889 | D:4      | Noticed an ice beast
  4278 | D:3      | Killed an ice beast
  4279 | D:3      | Reached skill level 4 in Spellcasting
  4459 | D:4      | Reached XP level 7. HP: 36/36 MP: 13/13
  4877 | D:5      | Entered Level 5 of the Dungeon
  5268 | D:5      | Reached skill level 5 in Spellcasting
  5268 | D:5      | Reached XP level 8. HP: 27/41 MP: 9/15
  5506 | D:5      | Identified the +0 ring mail of Indecent Exposure {Fly}
  5773 | D:5      | Noticed Eustachio
  5801 | D:4      | Gained mutation: You occasionally shout uncontrollably at
                  | your foes. [potion of mutation]
  5801 | D:4      | Gained mutation: Your spells are a little harder to cast,
                  | but a little more powerful. [potion of mutation]
  5804 | D:4      | HP: 3/61 [shadow imp[Eustachio] (1)]
  5807 | D:4      | HP: 1/61 [Eustachio (2)]
  5808 | D:4      | Killed Eustachio
  5809 | D:4      | Reached skill level 5 in Dodging
  6297 | D:5      | Lost mutation: You occasionally shout uncontrollably at
                  | your foes. [potion of mutation]
  6297 | D:5      | Lost mutation: Your spells are a little harder to cast, but
                  | a little more powerful. [potion of mutation]
  6297 | D:5      | Gained mutation: You are clumsy. (Dex -2) [potion of
                  | mutation]
  6297 | D:5      | Gained mutation: You are partially covered in iridescent
                  | scales. (AC +2) [potion of mutation]
  6297 | D:5      | Gained mutation: You are very clumsy. (Dex -4) [potion of
                  | mutation]
  6620 | D:5      | Reached skill level 1 in Armour
  7007 | D:6      | Reached skill level 6 in Spellcasting
  7453 | D:6      | Noticed Pikel
  7481 | D:5      | Killed Pikel
  7482 | D:5      | Reached XP level 9. HP: 10/45 MP: 6/18
  8085 | D:6      | Learned a level 4 spell: Flame Wave
  8107 | D:6      | Found an ornate altar of the Wu Jian Council.
  8107 | D:6      | Found a shadowy altar of Dithmenos.
  8107 | D:6      | Found a broken altar of Ashenzari.
  8107 | D:6      | Found a shimmering altar of Xom.
  8110 | D:6      | Found a radiant altar of Vehumet.
  8110 | D:6      | Found a sacrificial altar of Ru.
  8111 | D:6      | Found a hazy altar of Hepliaklqana.
  8112 | D:6      | Found an iron altar of Okawaru.
  8112 | D:6      | Found a hide-covered altar of Uskayaw.
  8113 | D:6      | Found a snail-covered altar of Cheibriados.
  8224 | D:6      | Found a staircase to the Ecumenical Temple.
  8270 | Temple   | Entered the Ecumenical Temple
  8439 | D:6      | Became a worshipper of Vehumet
  8642 | D:7      | Found a sand-covered staircase.
  8679 | Ossuary  | Entered an ossuary
  8822 | Ossuary  | Reached skill level 7 in Spellcasting
  8832 | Ossuary  | Reached * piety under Vehumet
  8832 | Ossuary  | Offered knowledge of Sandblast by Vehumet.
  9255 | D:7      | Reached skill level 5 in Armour
  9876 | D:7      | Found a blossoming altar of Fedhas.
  9895 | D:7      | Reached ** piety under Vehumet
  9895 | D:7      | Offered knowledge of Foxfire by Vehumet.
 10009 | D:8      | Found Jonno's CLEARANCE SALE!.
 10016 | D:8      | Reached XP level 10. HP: 43/50 MP: 14/21
 10072 | D:8      | Reached skill level 1 in Fire Magic
 10215 | D:8      | Bought a potion of curing for 12 gold pieces
 10217 | D:8      | Learned a level 1 spell: Foxfire
 10220 | D:8      | Learned a level 2 spell: Scorch
 10220 | D:8      | Bought a staff of fire for 100 gold pieces
 10290 | D:8      | Reached skill level 8 in Spellcasting
 10454 | D:8      | Found a staircase to the Lair.
 10616 | D:8      | Noticed Harold
 10627 | D:8      | Killed Harold
 10831 | D:8      | Noticed Gastronok
 10864 | D:8      | Killed Gastronok
 10892 | D:8      | Found an ancient bone altar of Kikubaaqudgha.
 10906 | D:8      | Reached XP level 11. HP: 54/55 MP: 17/23
 10963 | D:8      | Reached skill level 1 in Fighting
 10963 | D:8      | Reached skill level 9 in Spellcasting
 10963 | D:8      | Reached skill level 5 in Fire Magic
 11779 | D:9      | Found a flagged portal.
 11784 | D:9      | Noticed Psyche
 11792 | D:9      | Killed Psyche
 11803 | D:9      | Offered knowledge of Searing Ray by Vehumet.
 11838 | Bailey   | Entered a bailey
 11976 | Bailey   | Reached *** piety under Vehumet
 12146 | Bailey   | Noticed Prince Ribbit
 12166 | Bailey   | Killed Prince Ribbit
 12196 | Bailey   | Noticed a vault guard
 12214 | Bailey   | Killed a vault guard
 12304 | Bailey   | Noticed a vault guard
 12319 | Bailey   | Killed a vault guard
 12692 | D:9      | Offered knowledge of Sticky Flame by Vehumet.
 12952 | D:9      | Reached **** piety under Vehumet
 12953 | D:9      | Reached skill level 5 in Fighting
 12955 | D:9      | Reached skill level 10 in Spellcasting
 12956 | D:9      | Offered knowledge of Fulminant Prism by Vehumet.
 13362 | D:9      | Noticed Maurice
 13371 | D:9      | Killed Maurice
 13485 | D:9      | Found a staircase to the Orcish Mines.
 13702 | D:9      | Reached XP level 12. HP: 50/68 MP: 23/26
 13780 | D:9      | Noticed a tengu warrior
 13791 | D:9      | Killed a tengu warrior
 13792 | D:9      | Reached skill level 1 in Conjurations
 14440 | Lair:1   | Entered Level 1 of the Lair of Beasts
 15046 | Lair:1   | Noticed a seven-headed hydra
 15353 | D:8      | Killed a four-headed hydra
 15679 | Orc:1    | Entered Level 1 of the Orcish Mines
 15679 | Orc:1    | Noticed Josephine
 15691 | D:9      | Reached skill level 11 in Spellcasting
 16404 | Lair:2   | Found an opulent altar of Gozag.
 16902 | Lair:2   | Noticed a death yak
 16912 | Lair:2   | Noticed a death yak
 16913 | Lair:2   | Noticed a death yak
 16914 | Lair:2   | Noticed a death yak
 16915 | Lair:2   | Noticed a death yak
 16915 | Lair:2   | Noticed a death yak
 16918 | Lair:2   | Killed a death yak
 16948 | Lair:1   | Killed a death yak
 17108 | Lair:1   | Killed a death yak
 17109 | Lair:1   | Reached skill level 5 in Conjurations
 17111 | Lair:1   | Killed a death yak
 17374 | Lair:1   | Killed a death yak
 17384 | Lair:1   | Killed a death yak
 17619 | Lair:2   | Upgraded the game from 0.28.0 to 0.28.0-1-gb440e238dd
 17677 | Lair:2   | Learned a level 4 spell: Summon Ice Beast
 18128 | Lair:3   | You fall into a shaft and drop 3 floors!
 18128 | Lair:6   | Entered Level 6 of the Lair of Beasts
 18256 | Lair:6   | Reached XP level 13. HP: 70/72 MP: 28/28
 18300 | Lair:6   | Reached skill level 10 in Fire Magic
 18518 | Lair:5   | Reached skill level 12 in Spellcasting
 18524 | Lair:5   | Killed from afar by a rime drake

Illustrated notes

Levels and vault maps discovered:
D:1:      psy_arrival_terrarium, layout_basic, minmay_misc_feat_enclosed
D:2:      layout_basic, ebering_ecumenical_altar_sacrificial, uniq_natasha,
          uniq_terence
D:3:      layout_basic, serial_shops, nicolae_shop_stone, minivault_14,
          uniq_jessica
D:4:      layout_rooms, hex_large, hangedman_minor_gate_pass
D:5:      wad_pebble_path, layout_basic, uniq_eustachio
D:6:      layout_cave_pools, nicolae_overflows_in_rows,
          minmay_temple_entry_sparse_star, uniq_pikel
D:7:      layout_loops_ring, kennysheep_mini_moat, enter_ossuary_4,
          grunt_ministairs_1, minmay_hedge_maze
D:8:      layout_gridville, overflow_temple_1_default, minmay_lair_entry_grove,
          nicolae_shop_clearance, uniq_gastronok, uniq_harold
D:9:      layout_stronghold, david_orc_5, enter_bailey_2, uniq_psyche,
          uniq_maurice
Temple:   pf_slimified_temple
Lair:1:   beast_lair_carwin_large_3, layout_hall_layers
Lair:2:   layout_misc_corridors, basic_altar, uniq_prince_ribbit2
Lair:3:   layout_gridlike, minmay_swamp_entry_eels, spider_nest_entry_webs,
          grunt_forest_small_clearing_treed
Lair:5:   layout_long_grid, portal_ice_cave_entry_imps,
          nicolae_lair_liquid_snakes
Lair:6:   gammafunk_lair_ancient_temple, layout_regular_city, slime_altar_1,
          uniq_rupert
Orc:1:    layout_diamond_mine, uniq_erolcha, uniq_josephine, uniq_sonja

Skill      XL: |  1  2  3  4  5  6  7  8  9 10 11 12 13 |
---------------+----------------------------------------+-----
Dodging        | 2 3 4 5 |  5.1
Spellcasting   | 3 4 5 6 7 8 10 11 12 | 12.1
Ice Magic      | 5 6 8 9 |  9.0
Armour         | 3 5 8 |  8.0
Fire Magic     | 4 7 9 10 | 10.4
Fighting       | 5 |  5.0
Conjurations   | 6 7 |  7.3
Stealth        | |  2.2

Action                   |  1- 3 |  4- 6 |  7- 9 | 10-12 | 13-15 || total
-------------------------+-------+-------+-------+-------+-------++-------
Melee: Dagger            |    64 |    74 |       |       |       ||   138
       Punch             |     1 |       |     5 |     2 |       ||     8
       Mace              |       |    62 |   364 |    18 |       ||   444
       Staff             |       |       |       |   134 |       ||   134
       War axe           |       |       |       |    83 |    34 ||   117
 Fire: Hunting sling     |     7 |     2 |     2 |       |       ||    11
 Cast: Freeze            |    25 |     3 |     5 |    27 |       ||    60
       Frozen Ramparts   |     1 |     4 |    34 |    76 |     4 ||   119
       Ozocubu's Armour  |       |     5 |    31 |    48 |     3 ||    87
       Scorch            |       |       |       |    48 |     1 ||    49
       Flame Wave        |       |       |       |    11 |     2 ||    13
       Foxfire           |       |       |       |     7 |       ||     7
Evoke: Wand              |       |     2 |     2 |     2 |       ||     6
  Use: Scroll            |     4 |     3 |     4 |    14 |     2 ||    27
       Potion            |       |       |     9 |     3 |       ||    12
 Stab: Sleeping          |     3 |     1 |     1 |     1 |       ||     6
Armor: Robe              |    19 |    53 |   265 |   145 |       ||   482
       Leather armour    |       |       |    60 |   172 |    49 ||   281
       Ring mail         |       |       |    11 |       |       ||    11
       Skin              |       |       |     9 |    18 |       ||    27
Dodge: Dodged            |    39 |    93 |   355 |   282 |    64 ||   833
